 Dungeon Crawl Stone Soup version 0.20.1-1-g8b1a95d (webtiles) character file.

29050 Ladykiller69 the Grappler (level 13, -3/127 HPs)
             Began as a Troll Hunter on July 27, 2017.
             Was an Elder of Ru.
             Slain by a spiny frog (8 damage)
             ... on level 5 of the Lair of Beasts.
             The game lasted 00:56:04 (15527 turns).

Ladykiller69 the Grappler (Troll Hunter)           Turns: 15527, Time: 00:56:05

Health: -3/127     AC: 18    Str: 23    XL:     13   Next: 13%
Magic:  15/15      EV: 12    Int:  5    God:    Ru [****..]
Gold:   1335       SH:  0    Dex: 16    Spells: 12/12 levels left

rFire    . . .     SeeInvis .     - Unarmed
rCold    + + +     Gourm    +   (shield unavailable)
rNeg     . . .     Faith    .   M - +2 ice dragon scales
rPois    .         Spirit   .   N - +2 hat {MR+}
rElec    .         Reflect  .   (no cloak)
rCorr    .         Harm     .   (gloves unavailable)
MR       +....                  (boots unavailable)
Stlth    ..........             F - amulet of magic regeneration
Regen    0.8/turn               (ring unavailable)
MPRegen  0.3/turn               q - ring of protection from fire

@: lethally poisoned (-3 -> -3)
A: unfitting armour, claws 3, thin skeletal structure 1, cold resistance 1,
dopey 1, fast metabolism 3, gourmand, regeneration 1, shaggy fur 1, tough skin
2, missing a hand, no air magic, no charms magic, no transmutations magic,
MP-powered wands
a: Draw Out Power, Power Leap, Renounce Religion


You were on level 5 of the Lair of Beasts.
You worshipped Ru.
Ru was greatly pleased with you.
You were very full.

You visited 4 branches of the dungeon, and saw 18 of its levels.
You also visited: Sewer, Bailey and Ice Cave.

You collected 1335 gold pieces.

Inventory:

Hand Weapons
 w - a +4 blowgun
 Q - a +4 scimitar of flaming
Missiles
 a - 18 tomahawks
 c - a large rock (quivered)
 n - 68 poisoned needles
 R - 5 tomahawks of dispersal
Armour
 M - +2 ice dragon scales (worn)
 N - a +2 hat of magic resistance (worn)
Jewellery
 q - a ring of protection from fire (right claw)
 r - an uncursed ring of positive energy
 F - an amulet of magic regeneration (around neck)
 G - an uncursed ring of protection from magic
 L - an uncursed ring of see invisible
Wands
 j - a wand of polymorph (17/24)
 u - a wand of iceblast (8/15)
 v - a wand of iceblast (9/15)
 H - a wand of iceblast (8/15)
 P - a wand of digging (16/24)
 S - a wand of lightning (8/15)
 V - a wand of polymorph (10/24)
 W - a wand of iceblast (10/15)
 Y - a wand of iceblast (7/15)
Scrolls
 e - 3 scrolls of remove curse
 g - a scroll of brand weapon {unknown}
 h - 5 scrolls of fog
 i - 9 scrolls of teleportation
 l - 4 scrolls of magic mapping
 y - 5 scrolls of amnesia
 A - 2 scrolls of enchant armour
 C - 6 scrolls of recharging
 I - a scroll of fear
 K - a scroll of vulnerability {unknown}
 O - 2 scrolls of noise {unknown}
Potions
 k - 2 potions of might
 o - a potion of invisibility
 p - 11 potions of curing
 s - 5 potions of heal wounds
 t - 2 potions of haste
 B - 6 potions of flight
 D - 2 potions of brilliance
 E - 2 potions of agility
 J - 2 potions of lignification
 U - a potion of ambrosia {unknown}
Miscellaneous
 b - a lamp of fire (inert)
Comestibles
 f - 8 bread rations
 m - 16 royal jellies
 x - 10 fruits
 z - 4 meat rations


   Skills:
 + Level 8.1 Fighting
 + Level 9.4 Throwing
 + Level 5.0 Armour
 + Level 8.0 Dodging
 - Level 0.3 Stealth
 * Level 13.0 Unarmed Combat
 + Level 4.3 Evocations


You had 12 spell levels left.
You didn't know any spells.

Dungeon Overview and Level Annotations

Branches:
Dungeon (11/15)            Temple (1/1) D:6            Lair (5/6) D:8
 Shoals (0/4) Lair:4        Snake (0/4) Lair:4          Orc (1/2) D:10
  Slime: Lair:5-6

Altars:
Ashenzari
Elyvilon
Fedhas
Gozag
Kikubaaqudgha
Makhleb
Okawaru
Qazlal
Ru
Xom
Zin
The Shining One

Annotations:
D:5 exclusion: door
D:9 exclusions: lava snake and 6 more exclusions
D:11 Gastronok
Lair:1 exclusion: 5 doors


Innate Abilities, Weirdness & Mutations

You are too large for most types of armour.
You have claws for hands.
You are dopey. (Int -2)
Your metabolism is lightning-fast.
You like to eat raw meat.
Your natural rate of healing is unusually fast.
You are covered in fur. (AC +1)
You have very tough skin. (AC +2)
You are missing a hand.
You cannot study or cast Air magic.
You cannot study or cast Charms magic.
You cannot study or cast Transmutations magic.
You have a somewhat thin skeletal structure. (Dex +2, Stealth)
Your flesh is cold resistant. (rC+)
You expend magic power (3 MP) to strengthen your wands.


Message History

The water moccasin poisons you!
Okay, then.
You feel sick.
You feel sick.
The water moccasin bites you but does no damage.
You feel sick.
You feel sick.
You feel less exhausted.
You feel sick.
The water moccasin bites you but does no damage.
You feel sick.
The spiny frog stings the plant!
You scratch the water moccasin but do no damage.
The water moccasin is heavily wounded.
The water moccasin closely misses you.
You mangle the water moccasin!!
You kill the water moccasin!
You feel sick.
You feel sick.
You feel sick. The spiny frog stings you!
You die...

#.................
#.................
##.........P......
#..##..#P.P.###.
##. #####†.## ##
##..P# ##.D.##
##..F## #...@#
#......#
.............
.P#####.#...... #
..####... #.. ..
... # ..#


You could see a 12-headed hydra and a spiny frog.

Vanquished Creatures
  A hydra (Lair:3)
  Erica (Lair:2)
  2 two-headed ogres
  A necromancer (IceCv)
  Pikel (D:7)
  2 orc knights (Bailey)
  An ugly thing (D:11)
  A manticore (D:11)
  A black mamba (Lair:3)
  An ice statue (IceCv)
  4 elephants (Lair:4)
  A merfolk siren (Lair:4)
  3 spiny frogs
  A torpor snail (Lair:4)
  10 freezing wraiths (IceCv)
  6 komodo dragons
  A rime drake (Lair:3)
  Prince Ribbit (D:6)
  2 hornets
  7 blink frogs (Lair:3)
  5 hippogriffs
  2 wyverns
  Eustachio (D:6)
  19 yaks
  3 hungry ghosts
  A wraith (D:11)
  2 vampire mosquitoes (D:11)
  Menkaure (D:6)
  2 nagas (Lair:4)
  4 porcupines
  5 water moccasins
  7 orc warriors
  A sky beast (D:10)
  10 ice beasts
  A black bear (D:8)
  3 phantoms
  12 wolves
  4 ogres
  5 centaurs
  Blork the orc (D:4)
  2 big kobolds
  12 bullfrogs
  3 scorpions
  3 water moccasin skeletons
  A swamp dragon simulacrum (IceCv)
  An elephant simulacrum (IceCv)
  14 killer bees
  4 howler monkeys
  2 centaur zombies
  5 crimson imps
  A draconian simulacrum (IceCv)
  3 centaur skeletons
  5 jellies
  2 bullfrog skeletons
  5 orc priests
  7 hounds
  3 iguanas
  8 orc wizards
  3 spriggan simulacra (IceCv)
  10 worker ants
  2 polar bear simulacra (IceCv)
  5 troll simulacra (IceCv)
  5 centaur simulacra (IceCv)
  2 worker ant zombies
  5 gnolls
  An ogre simulacrum (IceCv)
  14 adders
  5 naga simulacra (IceCv)
  6 river rats (Sewer)
  A shadow imp (D:11)
  24 white imps
  6 oozes
  An adder skeleton (D:8)
  4 worms
  A dart slug (D:1)
  10 leopard geckos
  72 orcs
  5 ball pythons (Sewer)
  8 giant cockroaches
  7 hobgoblins
  14 jackals
  32 kobolds
  6 quokkas
  10 bats
  7 frilled lizards
  14 goblins
  A jackal skeleton (D:5)
  21 rats
520 creatures vanquished.

Vanquished Creatures (collateral kills)
  A blink frog (Lair:3)
  A crocodile (Lair:3)
2 creatures vanquished.

Vanquished Creatures (others)
  A hippogriff (Lair:1)
  A worker ant (D:7)
  An orc (D:9)
  3 fungi
  A plant (Lair:3)
7 creatures vanquished.

Grand Total: 529 creatures vanquished

Notes
Turn   | Place    | Note
-------+----------+-------------------------------------------
     0 | D:1      | Ladykiller69 the Troll Hunter began the quest for the Orb.
     0 | D:1      | Reached XP level 1. HP: 19/19 MP: 0/0
   117 | D:1      | Reached skill level 1 in Unarmed Combat
   122 | D:1      | Reached XP level 2. HP: 22/28 MP: 1/1
   964 | D:2      | Reached XP level 3. HP: 25/35 MP: 2/2
  1121 | D:2      | Reached skill level 2 in Unarmed Combat
  1266 | D:2      | Reached XP level 4. HP: 37/42 MP: 3/3
  1268 | D:2      | Found an ancient bone altar of Kikubaaqudgha.
  1571 | D:2      | You fall through a shaft!
  2227 | D:3      | Reached XP level 5. HP: 35/49 MP: 4/4
  2620 | D:3      | Reached skill level 3 in Unarmed Combat
  2921 | D:4      | Reached XP level 6. HP: 38/59 MP: 5/5
  2964 | D:4      | Reached skill level 4 in Unarmed Combat
  3103 | D:4      | Noticed Blork the orc
  3116 | D:4      | Killed Blork the orc
  3184 | D:4      | Reached XP level 7. HP: 45/66 MP: 6/6
  3301 | D:4      | Reached skill level 5 in Throwing
  3684 | D:5      | Entered Level 5 of the Dungeon
  3852 | D:5      | Reached skill level 5 in Unarmed Combat
  3943 | D:5      | Found a glowing drain.
  3947 | Sewer    | Entered a sewer
  4694 | D:5      | Noticed a hippogriff
  4703 | D:5      | Killed a hippogriff
  4703 | D:5      | Reached XP level 8. HP: 63/75 MP: 7/7
  4854 | D:5      | Reached skill level 6 in Unarmed Combat
  5569 | D:6      | Noticed Menkaure
  5578 | D:6      | Killed Menkaure
  5695 | D:6      | Noticed Eustachio
  5723 | D:6      | Killed Eustachio
  5723 | D:6      | Reached skill level 7 in Unarmed Combat
  5770 | D:6      | Found an opulent altar of Gozag.
  5976 | D:6      | Noticed Prince Ribbit
  6007 | D:6      | Killed Prince Ribbit
  6007 | D:6      | Reached XP level 9. HP: 65/85 MP: 8/8
  6062 | D:6      | Found a staircase to the Ecumenical Temple.
  6081 | Temple   | Entered the Ecumenical Temple
  6146 | Temple   | Became a worshipper of Ru the Awakened
  6736 | D:7      | Noticed Pikel
  6738 | D:7      | Reached skill level 8 in Unarmed Combat
  6803 | D:7      | Killed Pikel
  6803 | D:7      | Reached skill level 5 in Fighting
  6803 | D:7      | Reached skill level 5 in Dodging
  7011 | D:7      | Found a stormy altar of Qazlal.
  7072 | D:7      | Reached skill level 9 in Unarmed Combat
  7229 | D:8      | Gained mutation: You are missing a hand. [Ru sacrifice]
  7229 | D:8      | Reached * piety under Ru
  7229 | D:8      | Reached ** piety under Ru
  7264 | D:8      | Found a staircase to the Lair.
  7308 | D:8      | Found a flagged portal.
  7317 | Bailey   | Entered a bailey
  7486 | Bailey   | Noticed an orc knight
  7744 | Bailey   | Killed an orc knight
  7744 | Bailey   | Reached XP level 10. HP: 54/96 MP: 9/9
  7970 | Bailey   | Noticed an orc knight
  7976 | Bailey   | Killed an orc knight
  8263 | D:8      | Noticed a two-headed ogre
  8275 | D:8      | Killed a two-headed ogre
  8275 | D:8      | Reached skill level 10 in Unarmed Combat
  8646 | Lair:1   | Entered Level 1 of the Lair of Beasts
  8646 | Lair:1   | Noticed an eight-headed hydra
  8757 | D:9      | Noticed a two-headed ogre
  8760 | D:9      | Reached skill level 1 in Armour
  8768 | D:9      | Killed a two-headed ogre
  9233 | D:9      | Reached XP level 11. HP: 103/107 MP: 10/10
  9450 | D:10     | Entered Level 10 of the Dungeon
  9492 | D:10     | Found a staircase to the Orcish Mines.
  9872 | D:10     | Gained mutation: You are dopey. (Int -2) [Ru sacrifice]
  9872 | D:10     | Reached *** piety under Ru
  9883 | D:10     | Reached skill level 11 in Unarmed Combat
  9957 | D:10     | Reached skill level 1 in Evocations
 10403 | D:11     | Noticed a purple ugly thing
 10421 | D:11     | Killed a purple ugly thing
 10649 | D:11     | Noticed Gastronok
 11260 | Orc:1    | Entered Level 1 of the Orcish Mines
 12241 | Lair:1   | Gained mutation: You cannot study or cast Air magic. [Ru sacrifice]
 12241 | Lair:1   | Gained mutation: You cannot study or cast Transmutations magic. [Ru sacrifice]
 12241 | Lair:1   | Gained mutation: You cannot study or cast Charms magic. [Ru sacrifice]
 12241 | Lair:1   | Reached **** piety under Ru
 12528 | Lair:2   | Noticed Erica
 12551 | Lair:2   | Killed Erica
 12571 | Lair:2   | Reached XP level 12. HP: 87/118 MP: 12/12
 12839 | Lair:2   | Found a frozen archway.
 12890 | IceCv    | Entered an ice cave
 13043 | IceCv    | Reached skill level 12 in Unarmed Combat
 13170 | IceCv    | Found an ancient bone altar of Kikubaaqudgha.
 13178 | IceCv    | Gained mutation: You tend to lose your temper in combat. [potion of mutation]
 13178 | IceCv    | Gained mutation: You occasionally shout uncontrollably at your foes. [potion of mutation]
 13178 | IceCv    | Gained mutation: You have a somewhat thin skeletal structure. (Dex +2, Stealth) [potion of mutation]
 13239 | IceCv    | Lost mutation: You tend to lose your temper in combat. [potion of mutation]
 13239 | IceCv    | Lost mutation: You occasionally shout uncontrollably at your foes. [potion of mutation]
 13239 | IceCv    | Gained mutation: You expend magic power (3 MP) to strengthen your wands. [potion of mutation]
 13239 | IceCv    | Gained mutation: Your flesh is cold resistant. (rC+) [potion of mutation]
 14210 | Lair:3   | Noticed a four-headed hydra
 14228 | Lair:3   | Killed a four-headed hydra
 14733 | Lair:4   | Noticed a seven-headed hydra
 14911 | Lair:4   | Reached XP level 13. HP: 127/127 MP: 15/15
 14916 | Lair:4   | Found a staircase to the Shoals.
 14917 | Lair:4   | Found a staircase to the Snake Pit.
 15169 | Lair:4   | Reached skill level 5 in Armour
 15481 | Lair:5   | Reached skill level 13 in Unarmed Combat
 15507 | Lair:5   | HP: 5/127 [spiny frog (6)]
 15517 | Lair:5   | HP: 6/127 [poisoned by a water moccasin]
 15522 | Lair:5   | HP: 5/127 [poisoned by a water moccasin]
 15527 | Lair:5   | HP: 5/127 [poisoned by a water moccasin]
 15527 | Lair:5   | Slain by a spiny frog

Skill      XL: |  1  2  3  4  5  6  7  8  9 10 11 12 13 |
---------------+----------------------------------------+-----
Unarmed Combat | 1 2 3 4 5 7 9 10 11 12 13 | 13.0
Throwing       | 4 5 6 7 8 9 |  9.4
Fighting       | 2 3 4 5 6 7 8 |  8.1
Dodging        | 2 3 4 5 6 7 8 |  8.0
Armour         | 1 3 4 5 |  5.0
Evocations     | 2 4 |  4.3
Stealth        | |  0.3

Action                   |  1- 3 |  4- 6 |  7- 9 | 10-12 | 13-15 || total
-------------------------+-------+-------+-------+-------+-------++-------
Melee: Short sword       |    13 |       |     3 |       |       ||    16
       Unarmed           |    87 |   170 |   358 |   881 |    64 ||  1560
       Punch             |       |     2 |     6 |       |       ||     8
 Fire: Blowgun           |       |       |    77 |    12 |       ||    89
Throw: Stone             |    28 |    72 |   154 |    45 |       ||   299
       Large rock        |       |     3 |     5 |     4 |     4 ||    16
       Tomahawk          |       |       |       |    13 |     5 ||    18
       Throwing net      |       |       |       |     1 |     2 ||     3
Invok: Sacrifice a Hand  |       |       |     1 |       |       ||     1
       Sacrifice Purity  |       |       |       |     1 |       ||     1
       Sacrifice Arcana  |       |       |       |     1 |       ||     1
       Power Leap        |       |       |       |     2 |     1 ||     3
       Reject Sacrifices |       |       |       |     1 |       ||     1
Evoke: Wand              |       |       |       |     2 |       ||     2
       Lamp of fire      |       |       |       |     1 |       ||     1
       Box of beasts     |       |       |       |     1 |       ||     1
  Use: Scroll            |       |       |       |    18 |     6 ||    24
       Potion            |       |       |       |     9 |       ||     9
 Stab: Sleeping          |     2 |       |     2 |       |       ||     4
       Held in net/web   |       |       |       |     4 |     3 ||     7
       Invisible         |       |       |       |     4 |       ||     4
       Distracted        |       |       |       |     2 |       ||     2
  Eat: Chunk             |    16 |    16 |    44 |    82 |     4 ||   162
Armor: Robe              |    46 |    59 |    87 |       |       ||   192
       Ice dragon scales |       |       |       |   382 |    68 ||   450
Dodge: Dodged            |    53 |    82 |   267 |   396 |    56 ||   854
